 Dungeon Crawl Stone Soup version 0.28-a0-751-gef3a642a4e (webtiles) character file.

Game seed: 12357899103058916593

59 croobank the Digger (level 4, 0/36 HPs)
             Began as a Gargoyle Earth Elementalist on Oct 30, 2021.
             Slain by Sigmund (2 damage)
             ... on level 2 of the Dungeon.
             The game lasted 00:18:12 (1705 turns).

croobank the Digger (Gargoyle Earth Elementalist)   Turns: 1705, Time: 00:18:12

Health: 0/36       AC:  8    Str: 12    XL:     4   Next: 3%
Magic:  8/8        EV: 10    Int: 16    God:
Gold:   73         SH:  0    Dex: 10    Spells: 4/8 levels left

rFire   . . .      SeeInvis .   l - +0 mace (holy)
rCold   . . .      Faith    .   (no shield)
rNeg    + . .      Spirit   .   k - +0 ring mail
rPois   ∞          Reflect  .   (no helmet)
rElec   +          Harm     .   (no cloak)
rCorr   .          Rampage  .   (no gloves)
Will    .....                   (no boots)
Stlth   ..........              (no amulet)
HPRegen 0.12/turn               (no ring)
MPRegen 0.11/turn               (no ring)

@: berserking (expiring), very quick
A: sickness immunity, AC +3, negative energy resistance 1, electricity
resistance, torment resistance 1, petrification resistance
a: no special abilities


You were on level 2 of the Dungeon.
You visited 1 branch of the dungeon, and saw 2 of its levels.

You collected 73 gold pieces.

Inventory:

Hand Weapons
 d - a +0 short sword
 l - a +0 mace of holy wrath (weapon)
Missiles
 c - 66 stones
Armour
 b - a +0 robe
 k - a +0 ring mail (worn)
 o - a +0 scale mail
Magical Staves
 m - a staff of cold
Scrolls
 e - a scroll of blinking {unknown}
 f - a scroll of noise {unknown}
 h - a scroll of teleportation {unknown}
 n - a scroll of immolation {unknown}
Potions
 a - a potion of magic
 g - a potion of berserk rage
 i - a potion of haste {unknown}


   Skills:
 + Level 0.3 Armour
 + Level 1.7 Dodging
 + Level 2.3 Stealth
 + Level 2.8 Spellcasting
 + Level 0.7 Transmutations
 + Level 4.7 Earth Magic


You had 4 spell levels left.
You knew the following spells:

 Your Spells              Type           Power      Damage    Failure   Level
a - Sandblast             Erth           34%        2d9       6%          1
b - Stone Arrow           Conj/Erth      18%        3d8       43%         3

Your spell library contained the following spells:

 Spells                   Type           Power      Damage    Failure   Level
 Passwall                 Tmut/Erth      9%         N/A       22%         2
 Petrify                  Tmut/Erth      11%        N/A       80%         4


Dungeon Overview and Level Annotations

Branches:
Dungeon (2/15)

Altars:

Annotations:
D:2 Sigmund


Innate Abilities, Weirdness & Mutations

You are immune to sickness and miasma.
Your stone body is resilient. (AC +3)
You are immune to poison.
You resist negative energy. (rN+)
You are resistant to electric shocks. (rElec)
You are resistant to unholy torment.
You are immune to petrification.


Message History

[the floor.]
Okay, then.
Sigmund gestures wildly while chanting.
Sigmund flickers and vanishes!
Deactivating autopickup; reactivate with Ctrl-A.
A puff of flame appears from out of thin air!
The puff of flame hits you.
Press: ? - help, . - travel You can't see that place. [the floor.]
You feel better.
A magic dart appears from out of thin air!
The magic dart hits you but does no damage.
You barely miss something. Something hits you.
You miss something.
You hear some strange, mumbled words.
You are confused.
Something hits you!
You're too confused to cast spells.
You completely miss something. Something hits you!
Ouch! That really hurt!
* * * LOW HITPOINT WARNING * * *
You bump into the rock wall.
It was a potion of magic.
Magic courses through your body. Something hits you but does no damage.
You're too confused to cast spells.
You are too confused!
It was a potion of berserk rage.
A red film seems to cover your vision as you go berserk!
You feel yourself moving faster!
You feel mighty! Something hits you.
* * * LOW HITPOINT WARNING * * *
You barely miss something.
You bump into the rock wall.
Something hits you but does no damage.
You completely miss something. You barely miss something.
You feel less confused. Something hits you but does no damage.
You barely miss something. You sock something! Something hits you.
You die...

#.#
##.#######
#.......@.
#.######
#......#
##.....#
#.....#
#.#{#.#
#..@..#
#.....#
#.#.#.#
#.....#
#.....#
.....
#.#.#.#
#.#.#
#.....#
#.#.#
#.....#
#.#@#
#.#.#.#
#....


There were no monsters in sight!

Vanquished Creatures
  3 dart slugs
  An orc (D:2)
  7 ball pythons
  8 endoplasms
  4 goblins
  4 hobgoblins (D:1)
  8 jackals
  3 kobolds (D:1)
  4 frilled lizards
  4 rats
46 creatures vanquished.

Notes
Turn   | Place    | Note
-------+----------+-------------------------------------------
     0 | D:1      | croobank the Gargoyle Earth Elementalist began the quest
                  | for the Orb.
     0 | D:1      | Reached XP level 1. HP: 10/10 MP: 3/3
   110 | D:1      | Reached skill level 4 in Earth Magic
   145 | D:1      | Reached XP level 2. HP: 15/15 MP: 3/5
   194 | D:1      | Found a faded altar of an unknown god.
   429 | D:1      | Reached XP level 3. HP: 19/19 MP: 4/6
   466 | D:1      | Learned a level 3 spell: Stone Arrow
  1575 | D:2      | Noticed Sigmund
  1640 | D:2      | Reached XP level 4. HP: 24/24 MP: 5/8
  1699 | D:2      | HP: 1/36 [something (2)]
  1705 | D:2      | Slain by Sigmund

Illustrated notes

Levels and vault maps discovered:
D:1:      scummos_arrival_simple_fountains, layout_loops_ring,
          hellmonk_ecumenical_altar_crossroads
D:2:      layout_loops_ring, columned_hall_lemuel, uniq_jessica, uniq_sigmund,
          uniq_terence

Skill      XL: |  1 |
---------------+----+-----
Earth Magic    | 4 |  4.7
Armour         | |  0.3
Dodging        | |  1.7
Stealth        | |  2.3
Spellcasting   | |  2.8
Transmutations | |  0.7

Action                   |  1- 3 |  4- 6 || total
-------------------------+-------+-------++-------
Melee: Unarmed           |     6 |       ||     6
       Short sword       |    21 |       ||    21
       Mace              |    12 |    12 ||    24
 Cast: Sandblast         |    50 |       ||    50
  Use: Scroll            |     1 |       ||     1
       Potion            |     1 |     3 ||     4
Armor: Robe              |     5 |       ||     5
       Ring mail         |    15 |     6 ||    21
Dodge: Dodged            |    23 |     2 ||    25

Table legend: (Time is in decaauts)
 A = Elapsed time spent in this place.
 B = Non-inter-level travel time spent in this place.
 C = Inter-level travel time spent in this place.
 D = Time resting spent in this place.
 E = Time spent auto-exploring this place.
 F = Levels seen in this place.
 G = Mean time per level.
                   A        B        C        D        E       F      G
               +--------+--------+--------+--------+--------+-----+--------+
         Total |   1713 |   1713 |      0 |    202 |   1038 |   2 |  856.5 |
       Dungeon |   1713 |   1713 |      0 |    202 |   1038 |   2 |  856.5 |
               +--------+--------+--------+--------+--------+-----+--------+

Top non-repeatable levels by time:
     D:1: 1166 daAuts
     D:2: 547 daAuts
